 Dungeon Crawl Stone Soup version 0.29.1-2-gbd0b4ee654 (webtiles) character file.

Game seed: 5299458090505831805

98 Godmorgon the Trooper (level 5, -5/42 HPs)
             Began as a Formicid Abyssal Knight on Oct 26, 2022.
             Was a Priest of Lugonu.
             Slain by an iguana (12 damage)
             ... on level 3 of the Dungeon.
             The game lasted 00:06:54 (2091 turns).

Godmorgon the Trooper (Formicid Abyssal Knight)     Turns: 2091, Time: 00:06:55

Health: -5/42      AC:  6    Str: 20    XL:     5   Next: 1%
Magic:  7/7        EV: 10    Int:  9    God:    Lugonu [***...]
Gold:   131        SH:  0    Dex: 14    Spells: 4/4 levels left

rFire   . . .      SeeInvis +   a - +1 mace
rCold   . . .      Faith    .   (no shield)
rNeg    . . .      Spirit   .   p - +0 scale mail
rPois   .          Reflect  .   (helmet unavailable)
rElec   .          Harm     .   (no cloak)
rCorr   .          Rampage  .   (no gloves)
Will    .....                   (no boots)
Stlth   ..........              (no amulet)
HPRegen 0.14/turn               d - ring of flight
MPRegen 0.10/turn               (no ring)

@: flying
A: permanent stasis, dig shafts and tunnels, antennae 3, four strong arms
a: Dig, Shaft Self, Renounce Religion, Depart the Abyss, Bend Space, Banish


You were on level 3 of the Dungeon.
You worshipped Lugonu.
Lugonu was most pleased with you.
You visited 1 branch of the dungeon, and saw 3 of its levels.
You visited the Abyss 1 time.

You collected 131 gold pieces.

Inventory:

Hand Weapons
 a - a +1 mace (weapon)
Missiles
 i - 4 boomerangs (quivered)
Armour
 p - a +0 scale mail (worn)
Jewellery
 d - a ring of flight (left hand)
Scrolls
 e - a scroll of enchant armour {unknown}
 h - a scroll of acquirement {unknown}
 j - 2 scrolls of fear {unknown}
 k - a scroll of poison {unknown}
 l - 2 scrolls of blinking {unknown}
 m - a scroll of immolation {unknown}
 n - 2 scrolls of identify {unknown}
 o - a scroll of teleportation {unknown}
 q - a scroll of noise {unknown}
Potions
 b - a potion of haste {unknown}
 c - a potion of curing {unknown}
 f - 2 potions of heal wounds {unknown}
 g - 3 potions of lignification {unknown}


   Skills:
 + Level 3.8 Fighting
 * Level 3.2 Maces & Flails
 * Level 2.1 Throwing
 - Level 2.1 Armour
 - Level 0.8 Dodging
 + Level 3.0 Invocations


You had 4 spell levels left.
You didn't know any spells.
Your spell library was empty.

Dungeon Overview and Level Annotations

Branches:
Dungeon (3/15)

Altars:


Innate Abilities, Weirdness & Mutations

You cannot be hasted, slowed, berserked, paralysed or teleported.
You can dig through walls and to a lower floor.
You have a pair of large antennae on your head. (SInv)
Your four strong arms can wield two-handed weapons with a shield.


Message History

The iguana bites you but does no damage.
The frilled lizard bites you but does no damage.
You hit the frilled lizard.
You kill the frilled lizard!
Lugonu accepts your kill. The iguana bites you!
The iguana attacks as you move away! The iguana bites you.
You hit the iguana.
The iguana is lightly wounded.
The iguana bites you but does no damage.
You hit the iguana but do no damage.
The iguana is lightly wounded.
The iguana bites you! The iguana bites you.
You hit the iguana but do no damage.
The iguana is lightly wounded.
The iguana barely misses you.
You hit the iguana.
The iguana is moderately wounded.
The iguana bites you.
You barely miss the iguana.
The iguana is moderately wounded.
The iguana bites you.
You hit the iguana.
The iguana is moderately wounded.
The iguana completely misses you. The iguana bites you!
* * * LOW HITPOINT WARNING * * *
You hit the iguana.
The iguana is moderately wounded.
The iguana bites you.
* * * LOW HITPOINT WARNING * * *
You barely miss the iguana.
The iguana is moderately wounded.
The iguana barely misses you.
You barely miss the iguana.
The iguana is moderately wounded.
The iguana barely misses you.
You hit the iguana.
The iguana is severely wounded.
The iguana bites you!
You die...

#)....#..........
##....#..........
#....#..........
###....#.......... #
#........)######## .
+......##.########## #
#......#............ #
#...##.#.#...########.# #
#...##.#.###.@......... #
#...##.#.#####l####.#.. #
##...##.#..[............
###....##.#...#...$......#
............ +...........
..........#. #...........
###....#### ..........#.#
# #...## .............. #
#...# ....#####.#.#..


You could see an iguana.

Vanquished Creatures
  5 adders
  A worm (D:2)
  5 ball pythons
  5 endoplasms
  2 giant cockroaches (D:1)
  4 goblins
  3 hobgoblins
  7 jackals
  7 kobolds
  2 quokkas (D:1)
  3 bats
  A frilled lizard (D:3)
  4 rats
49 creatures vanquished.

Notes
Turn   | Place    | Note
-------+----------+-------------------------------------------
     0 | Abyss:1  | Godmorgon the Formicid Abyssal Knight began the quest for
                  | the Orb.
     0 | Abyss:1  | Reached XP level 1. HP: 18/18 MP: 2/2
     1 | D:1      | Escaped the Abyss
   220 | D:1      | Reached XP level 2. HP: 24/24 MP: 3/3
   521 | D:1      | Reached skill level 1 in Throwing
   683 | D:1      | Reached XP level 3. HP: 23/29 MP: 4/4
   702 | D:1      | Reached *** piety under Lugonu
   915 | D:1      | Found a faded altar of an unknown god.
  1101 | D:2      | Reached XP level 4. HP: 31/36 MP: 6/6
  2055 | D:3      | Reached XP level 5. HP: 42/42 MP: 7/7
  2091 | D:3      | Slain by an iguana

Illustrated notes

Levels and vault maps discovered:
D:1:      matt_arrival_spirals, layout_rooms,
          shapermc_ecumenical_altar_hornbeckon, minmay_ruptured
D:2:      layout_rooms, kennysheep_generic_room_11
D:3:      layout_basic, grunt_ministairs_5, minmay_randomly_rotated_circles

Skill      XL: |  1  2  3  4 |
---------------+-------------+-----
Throwing       | 1 2 |  2.1
Maces & Flails | 3 |  3.2
Invocations    | 3 |  3.0
Fighting       | |  3.8
Armour         | |  2.1
Dodging        | |  0.8

Action                   |  1- 3 |  4- 6 || total
-------------------------+-------+-------++-------
Melee: Mace              |    62 |    64 ||   126
       Punch             |     1 |     2 ||     3
Throw: Stone             |    15 |       ||    15
       Boomerang         |     4 |     3 ||     7
Armor: Leather armour    |    11 |       ||    11
       Ring mail         |    21 |     8 ||    29
       Scale mail        |       |    22 ||    22
Dodge: Dodged            |    41 |    31 ||    72
